 Dungeon Crawl Stone Soup version 0.28-a0-664-gc179e30c89 (webtiles) character file.

Game seed: 2237330016008369885

5118 Alythanul the Destroyer (level 10, -4/81 HPs)
             Began as a Deep Elf Air Elementalist on Oct 15, 2021.
             Was a Believer of Ashenzari.
             Slain by a yak (8 damage)
             ... on level 9 of the Dungeon.
             The game lasted 01:13:38 (14362 turns).

Alythanul the Destroyer (DEAE)                     Turns: 14362, Time: 01:13:39

Health: -4/81      AC: 10    Str:  5    XL:     10   Next: 32%
Magic:  23/36      EV: 19    Int: 24    God:    Ashenzari [**....]
Gold:   292        SH:  0    Dex: 15    Spells: 13/32 levels left

rFire   . . .      SeeInvis +   h - +4 short sword "Thunder Perfect Mind" {elec, Melee, Fort} (curse)
rCold   . . .      Faith    .   (no shield)
rNeg    . . .      Spirit   .   A - +1 steam dragon scales of Ashenzari's Moon {Melee, Range} (curse)
rPois   .          Reflect  .   (helmet restricted)
rElec   .          Harm     .   (no cloak)
rCorr   .          Rampage  .   s - +1 pair of gloves of the Ruined Secrets {Cun, Self} (curse)
Will    +....                   (no boots)
Stlth   ..........              (no amulet)
HPRegen 0.23/turn               j - ring of magical power
MPRegen 0.25/turn               o - ring of the Celestial Sage {EV+4, Cun, Alch} (curse)

@: berserking, very quick
A: horns 1, iridescent scales 1
a: Renounce Religion, Shatter the Chains


You were on level 9 of the Dungeon.
You worshipped Ashenzari.
Ashenzari was pleased with you.
You visited 2 branches of the dungeon, and saw 10 of its levels.

You collected 292 gold pieces.

Inventory:

Hand Weapons
 h - the cursed +4 short sword "Thunder Perfect Mind" (weapon) {elec, Melee, Fort}
   (You took it off an orc on level 4 of the Dungeon)

   It occasionally discharges a powerful burst of electricity upon striking a
   foe.
   It has a curse which improves the following skills: Melee Combat: Short
   Blades, Long Blades, Axes, Maces & Flails, Polearms, Staves and Unarmed
   Combat.
   Fortitude: Armour and Shields.
 m - a +0 dagger
Missiles
 r - a throwing net
Armour
 s - the cursed +1 pair of gloves of the Ruined Secrets (worn) {Cun, Self}
   (You found it on level 3 of the Dungeon)

   It has a curse which improves the following skills: Cunning: Dodging and
   Stealth.
   Introspection: Fighting and Spellcasting.
 A - the cursed +1 steam dragon scales of Ashenzari's Moon (worn) {Melee, Range}
   (You found it on level 8 of the Dungeon)

   It has a curse which improves the following skills: Melee Combat: Short
   Blades, Long Blades, Axes, Maces & Flails, Polearms, Staves and Unarmed
   Combat.
   Ranged Combat: Slings, Bows, Crossbows and Throwing.
Jewellery
 a - an amulet of guardian spirit
 j - a ring of magical power (left hand)
 o - the cursed ring of the Celestial Sage (right hand) {EV+4, Cun, Alch}
   (You found it on level 2 of the Dungeon)

   [ring of evasion]

   EV:        It affects your evasion (+4).
   It has a curse which improves the following skills: Cunning: Dodging and
   Stealth.
   Alchemy:   Poison Magic and Transmutations.
 u - a ring of flight
 z - a ring of magical power
 C - a ring of poison resistance
Wands
 e - a wand of paralysis (7)
 y - a wand of mindburst (9)
 B - a wand of flame (38)
Scrolls
 b - a scroll of amnesia
 d - 4 scrolls of noise
 f - 3 scrolls of teleportation
 g - 8 scrolls of identify
 l - 5 scrolls of fog
 p - 3 scrolls of enchant weapon
 t - a scroll of blinking
 x - 2 scrolls of magic mapping
Potions
 c - a potion of berserk rage
 i - 3 potions of attraction
 k - a potion of ambrosia
 n - 3 potions of curing
 q - 3 potions of flight
 v - a potion of haste
Miscellaneous
 D - a phantom mirror


   Skills:
 + Level 1.3(2.3) Fighting
 + Level 0.9(2.2) Short Blades
 + Level 5.0(7.3) Dodging
 + Level 4.2(6.4) Stealth
 - Level 10.2(11.6) Spellcasting
 * Level 10.4 Conjurations
 + Level 0.4 Fire Magic
 + Level 8.3 Air Magic
 + Level 1.1(2.1) Poison Magic


You had 13 spell levels left.
You knew the following spells:

 Your Spells              Type           Power      Damage    Failure   Level
a - Shock                 Conj/Air       100%       1d9       1%          1
b - Static Discharge      Conj/Air       56%        N/A       1%          2
c - Teleport Other        Tloc           14%        N/A       13%         3
d - Airstrike             Air            26%        N/A       1%          4
e - Poisonous Vapours     Pois/Air       78%        N/A       1%          2
f - Flame Wave            Conj/Fire      40%        3d8       4%          4
g - Ozocubu's Armour      Ice            14%        N/A       13%         3

Your spell library contained the following spells:

 Spells                   Type           Power      Damage    Failure   Level
 Foxfire                  Conj/Fire      100%       2x1d9     1%          1
 Conjure Flame            Conj/Fire      40%        6-21      1%          3
 Swiftness                Air            52%        N/A       1%          3
 Sting                    Tmut/Pois      76%        1d6       2%          1
 Inner Flame              Hex/Fire       15%        N/A       12%         3
 Gell's Gravitas          Tloc           7%         N/A       13%         3
 Lesser Beckoning         Tloc           14%        N/A       13%         3
 Olgreb's Toxic Radiance  Pois           24%        N/A       19%         4
 Metabolic Englaciation   Hex/Ice        7%         N/A       77%         5
 Simulacrum               Ice/Necr       7%         N/A       100%        6
 Chain Lightning          Conj/Air       28%        3d37      100%        9
 Fire Storm               Conj/Fire      20%        8d5       100%        9
 Shatter                  Erth           7%         3d9*      100%        9


Dungeon Overview and Level Annotations

Branches:
Dungeon (9/15)             Temple (1/1) D:6
   Lair: D:8-11         Orc: D:9-12

Altars:
Ashenzari
Cheibriados
Dithmenos
Elyvilon
Fedhas
Gozag
Hepliaklqana
Kikubaaqudgha
Makhleb
Nemelex Xobeh
Okawaru
Qazlal
Ru
Sif Muna
Trog
Uskayaw
Vehumet
Wu Jian
Xom
Yredelemnul
The Shining One

Shops:
D:1 [*=   D:2 :

Annotations:
D:4 2 transporters


Innate Abilities, Weirdness & Mutations

You have a pair of small horns on your head.
You are partially covered in iridescent scales. (AC +2)


Message History

Confirm with . or Enter, or press ? or * to list all spells.
Aiming: Shock (safe; 1% risk of failure)
Press: ? - help, Shift-Dir - straight line The zap hits the yak.
The yak is heavily wounded.
The zap hits the yak but does no damage.
The yak is heavily wounded.
The zap hits the yak!
The yak is heavily wounded.
The yak closely misses you.
Casting: Shock (safe; 1% risk of failure)
Confirm with . or Enter, or press ? or * to list all spells.
Aiming: Shock (safe; 1% risk of failure)
Press: ? - help, Shift-Dir - straight line The zap hits the yak!
The yak is severely wounded.
The zap hits the yak!
The yak is almost dead.
The yak gores you!
* * * LOW HITPOINT WARNING * * *
The yak gores you but does no damage. The yak misses you.
Casting: Shock (safe; 1% risk of failure)
Confirm with . or Enter, or press ? or * to list all spells.
Aiming: Shock (safe; 1% risk of failure)
Press: ? - help, Shift-Dir - straight line The zap hits the yak but does no damage.
The yak is almost dead.
The zap hits the yak but does no damage.
The yak is almost dead.
The yak completely misses you. The yak gores you but does no damage.
The yak gores you!
* * * LOW HITPOINT WARNING * * *
You feel much better. The yak gores you!
* * * LOW HITPOINT WARNING * * *
The yak gores you!
* * * LOW HITPOINT WARNING * * *
The yak misses you.
A red film seems to cover your vision as you go berserk!
You feel yourself moving faster!
You feel mighty! The yak gores you!
You die...

, , #...#####.. * , *
*#####.......... * , ,, ,
,............... , , . , *
**#####.........) , ..
#.......).. ... *
#......(...
....###########..........
.........................
.......Y@...)....[.......
**#######YY.)..............
* #..............####
#######..............#
......†..............#
######################


You could see 3 yaks.

Vanquished Creatures
  A shadow (D:7)
  6 yaks (D:9)
  A steam dragon (D:8)
  A water moccasin (D:4)
  3 orc warriors
  3 black bears
  4 ogres
  An ice beast (D:6)
  4 centaurs
  2 phantoms
  4 kobold brigands (D:9)
  A gnoll sergeant (D:6)
  2 bullfrogs
  3 scorpions
  5 killer bees (D:4)
  10 wights
  A howler monkey (D:6)
  A bullfrog zombie (D:5)
  2 centaur zombies (D:9)
  2 hounds
  4 jellies
  A bullfrog skeleton (D:5)
  7 orc priests
  An iguana (D:5)
  6 orc wizards
  A hound skeleton (D:4)
  2 hound zombies (D:5)
  A howler monkey zombie (D:3)
  3 gnolls (D:6)
  2 howler monkey skeletons (D:5)
  9 adders
  3 shadow imps
  3 white imps
  An ufetubus (D:5)
  2 worms
  5 dart slugs
  33 orcs
  3 bats
  4 endoplasms
  3 giant cockroaches (D:2)
  8 goblins
  4 hobgoblins
  20 kobolds
  4 quokkas
  5 ball pythons
  4 frilled lizards
  7 rats
203 creatures vanquished.

Vanquished Creatures (others)
  Blork the orc (D:6)
1 creature vanquished.

Grand Total: 204 creatures vanquished

Notes
Turn   | Place    | Note
-------+----------+-------------------------------------------
     0 | D:1      | Alythanul the Deep Elf Air Elementalist began the quest for
                  | the Orb.
     0 | D:1      | Reached XP level 1. HP: 10/10 MP: 6/6
    15 | D:1      | Found Kitimoho's Jewellery Boutique.
   253 | D:1      | Reached XP level 2. HP: 15/15 MP: 4/8
   523 | D:1      | Found Hudu's General Store.
   541 | D:1      | Found Sosk's Armour Shoppe.
   564 | D:1      | Found a faded altar of an unknown god.
   676 | D:1      | Prayed at the altar of an unknown god.
   676 | D:1      | Became a worshipper of Ashenzari the Shackled
  1188 | D:2      | Reached XP level 3. HP: 9/19 MP: 0/10
  1353 | D:2      | Found Suixt's Book Boutique.
  2006 | D:2      | Reached * piety under Ashenzari
  2146 | D:2      | Learned a level 2 spell: Static Discharge
  2150 | D:2      | Learned a level 3 spell: Teleport Other
  2318 | D:2      | Reached XP level 4. HP: 24/24 MP: 11/11
  2402 | D:2      | Learned a level 4 spell: Airstrike
  3062 | D:3      | Reached XP level 5. HP: 28/28 MP: 13/13
  3290 | D:3      | Reached ** piety under Ashenzari
  3593 | D:4      | Reached skill level 5 in Spellcasting
  3594 | D:4      | Reached XP level 6. HP: 17/32 MP: 17/17
  3607 | D:4      | HP: 2/48 [poisoned by a killer bee]
  3643 | D:4      | Identified the cursed +1 pair of gloves of the Ruined
                  | Secrets {Cun, Self} (You found it on level 3 of the
                  | Dungeon)
  3643 | D:4      | Identified the cursed +0 robe "Behold Eternity" {Range,
                  | Alch}
  4023 | D:4      | Found a transporter.
  4047 | D:4      | Found a transporter.
  4428 | D:4      | Reached XP level 7. HP: 36/36 MP: 20/20
  4439 | D:4      | Reached skill level 5 in Air Magic
  4869 | D:4      | Reached skill level 5 in Conjurations
  5155 | D:5      | Entered Level 5 of the Dungeon
  5504 | D:5      | Reached XP level 8. HP: 20/42 MP: 13/22
  8360 | D:6      | Reached skill level 1 in Fighting
  8592 | D:6      | Noticed Blork the orc
  8603 | D:6      | Killed Blork the orc
  8604 | D:6      | Reached XP level 9. HP: 13/48 MP: 25/25
  8823 | D:6      | Found a shimmering blue altar of Sif Muna.
  9051 | D:6      | Found a staircase to the Ecumenical Temple.
  9064 | Temple   | Entered the Ecumenical Temple
  9474 | D:7      | Found a basalt altar of Yredelemnul.
  9533 | D:7      | Found a white marble altar of Elyvilon.
 10436 | D:7      | Gained mutation: You are partially covered in iridescent
                  | scales. (AC +2) [potion of mutation]
 10436 | D:7      | Gained mutation: You have a pair of small horns on your
                  | head. [potion of mutation]
 10453 | D:7      | Identified the +0 mace "Dimiva" {drain, rElec rPois rN+++
                  | Dex-2}
 11017 | D:8      | Found a hazy altar of Hepliaklqana.
 11017 | D:8      | Found a faded altar of an unknown god.
 11026 | D:8      | Found a faded altar of an unknown god.
 11031 | D:8      | Found a shimmering altar of Xom.
 11049 | D:8      | Reached skill level 10 in Spellcasting
 11202 | D:8      | Found a hide-covered altar of Uskayaw.
 11796 | D:8      | Learned a level 2 spell: Poisonous Vapours
 11801 | D:8      | Learned a level 4 spell: Flame Wave
 13025 | D:8      | Learned a level 3 spell: Ozocubu's Armour
 13437 | D:9      | Reached skill level 1 in Poison Magic
 13437 | D:9      | Reached XP level 10. HP: 34/53 MP: 27/27
 13683 | D:9      | Reached skill level 10 in Conjurations
 13720 | D:9      | Reached skill level 5 in Dodging
 14361 | D:9      | HP: 2/54 [yak (9)]
 14362 | D:9      | Slain by a yak

Illustrated notes

Levels and vault maps discovered:
D:1:      sevenhm_arrival_forest_fort_small_3, layout_loops_ring,
          hellmonk_ecumenical_altar_leap_of_faith, serial_shops, shop, shop,
          shop
D:2:      layout_basic, serial_shops, shop
D:3:      layout_basic
D:4:      gammafunk_steamed_eel, layout_basic, serial_forest,
          infiniplex_forest_fountain, infiniplex_forest_clump_small,
          infiniplex_forest_clump_cross, infiniplex_forest_straight_4,
          infiniplex_forest_straight_2, infiniplex_forest_lined_3
D:5:      layout_basic
D:6:      layout_gridville, tgw_sif, minmay_temple_entry_waves,
          chequers_decorated_corner, kennysheep_doodads
D:7:      layout_cave_pods, kennysheep_ying_yang
D:8:      layout_basic, chequers_temple_overflow_minitemple
D:9:      layout_long_grid, minmay_lindwurm_lava, uniq_harold
Temple:   regret_index_temple_waves

Skill      XL: |  1  2  3  4  5  6  7  8  9 10 |
---------------+-------------------------------+-----
Conjurations   | 2 3 4 5 7 9 10 | 10.4
Air Magic      | 4 5 6 7 8 |  8.3
Spellcasting   | 4 5 6 7 9 10 | 10.2
Stealth        | 4 |  4.2
Dodging        | 3 4 5 |  5.0
Fighting       | 1 |  1.3
Poison Magic   | 1 |  1.1
Short Blades   | |  0.9
Fire Magic     | |  0.4

Action                   |  1- 3 |  4- 6 |  7- 9 | 10-12 || total
-------------------------+-------+-------+-------+-------++-------
Melee: Unarmed           |     6 |       |       |       ||     6
       Dagger            |       |     1 |       |       ||     1
       Short sword       |       |       |     6 |     6 ||    12
 Cast: Shock             |    82 |    77 |   458 |    69 ||   686
       Static Discharge  |       |     7 |       |       ||     7
       Flame Wave        |       |       |     4 |     6 ||    10
       Poisonous Vapours |       |       |     3 |       ||     3
       Ozocubu's Armour  |       |       |     1 |       ||     1
Invok: Curse Item        |     2 |     1 |     2 |     1 ||     6
       Shatter the Chain |       |       |     2 |       ||     2
  Use: Scroll            |       |     1 |     4 |       ||     5
       Potion            |       |     3 |     6 |     2 ||    11
Armor: Robe              |     1 |     1 |    14 |       ||    16
       Steam dragon scal |       |       |     7 |     9 ||    16
Dodge: Dodged            |     5 |    17 |   173 |    33 ||   228

Table legend: (Time is in decaauts)
 A = Elapsed time spent in this place.
 B = Non-inter-level travel time spent in this place.
 C = Inter-level travel time spent in this place.
 D = Time resting spent in this place.
 E = Time spent auto-exploring this place.
 F = Levels seen in this place.
 G = Mean time per level.
                   A        B        C        D        E       F      G
               +--------+--------+--------+--------+--------+-----+--------+
         Total |  14422 |  13584 |    838 |   2137 |  10077 |  10 | 1442.2 |
       Dungeon |  14266 |  13502 |    764 |   2137 |  10009 |   9 | 1585.1 |
        Temple |    155 |     81 |     74 |      0 |     68 |   1 |  155.0 |
               +--------+--------+--------+--------+--------+-----+--------+

Top non-repeatable levels by time:
     D:8: 2456 daAuts
     D:5: 2139 daAuts
     D:4: 1906 daAuts
     D:2: 1825 daAuts
     D:6: 1737 daAuts
     D:7: 1423 daAuts
     D:9: 1093 daAuts
     D:1: 892 daAuts
     D:3: 790 daAuts
  Temple: 155 daAuts
